cohdb
Replays
Latest Replays
All Replays
Popular Replays
Top Player Replays
Match Explorer
How It Works
Community
CoH3 Stats
Reddit
Sign in to upload your games and track your stats! →
Sign in with Steam
Match 38655634
Unlisted
Match 38655634
Overview
Messages
Build Orders
End
Kradschützen Motorcycle Team
Panzergrenadier Squad
250 Light Carrier
Panzergrenadier Squad
Construct Light Support Kompanie
MG34 Team
Panzerjäger Squad
Construct Mechanized Kompanie
8 Rad Armored Car
Combat Half-tracks
Support Armor Elements
MG34 Team
StuG III D Assault Gun
Marder III Tank Destroyer
Selects Italian Infantry
Selects Guastatori Squad
Selects Registered Artillery
Selects Defensive Operations
2.5-tonne Medical Truck
Vehicle Survival Package
Registered Artillery
Emergency Repair Kits
Selects Prepared Positions
Registered Artillery
Construct Panzerarmee Kommand
Marder III Tank Destroyer
Registered Artillery
Marder III Tank Destroyer
Selects Obice 305mm Barrage
Tungsten Core Ammunition
Obice 305mm Barrage
Assault Mechanized Group
Rapid Advance
Marder III Tank Destroyer
Registered Artillery
Lilfuture
只愛❤毛妹
0
0
Comments
sign in to comment!
No comments posted yet!